TOP OF THE 1ST |
Redwood City Redwoods batting - Pitching for San Jose Missions : RHP José Reyes
|
Pitching: RHP José Reyes
|
|
Batting: LHB Jon Graves
|
0-0: Foul Ball, location: 2F 0-1: Fly out, F3 (Line Drive, 34)
|
Batting: RHB Carlos Gonzáles
|
0-0: Called Strike 0-1: Ball 1-1: Ball 2-1: SINGLE (Groundball, 6MD)
|
Batting: LHB Nicholas Alston
|
0-0: Called Strike 0-1: Ball 1-1: Swinging Strike 1-2: Strikes out swinging
|
Batting: LHB Germán Charfauros
|
0-0: Called Strike 0-1: Called Strike 0-2: Ball 1-2: Strikes out swinging
|
Top of the 1st over - 0 run(s), 1 hit(s), 0 error(s), 1 left on base; Redwood City 0 - San Jose 0 |
BOTTOM OF THE 1ST |
San Jose Missions batting - Pitching for Redwood City Redwoods : RHP Jeff Davis
|
Pitching: RHP Jeff Davis
|
|
Batting: RHB Scott Merritt
|
0-0: Ball 1-0: SINGLE (Groundball, 13) (infield hit)
|
Batting: RHB Ed Starr
|
0-0: Called Strike 0-1: Called Strike 0-2: Ball 1-2: Ball 2-2: Foul Ball, location: 2F 2-2: Ball 3-2: Strikes out swinging
|
Batting: RHB Bob Orr
|
0-0: Fly out, F7 (Flyball, 7LDF)
|
Batting: RHB Andrew Benson
|
0-0: Ball 1-0: Ball 2-0: Fielders Choice at 2nd, 5-4 (Groundball, 56)
|
Bottom of the 1st over - 0 run(s), 1 hit(s), 0 error(s), 0 left on base; Redwood City 0 - San Jose 0 |
TOP OF THE 2ND |
Redwood City Redwoods batting - Pitching for San Jose Missions : RHP José Reyes
|
Batting: LHB Patrick Bright
|
0-0: Ball 1-0: SINGLE (Line Drive, 34D)
|
Batting: RHB Richie Miller
|
0-0: Fly out, F9 (Flyball, 9S)
|
Batting: LHB Ryan Hensley
|
0-0: Ball 1-0: Foul Ball, location: 2F 1-1: Reached on error, E4 (Groundball, 4) Patrick Bright to second
|
Batting: RHB Fu Tse
|
0-0: 3-RUN HOME RUN (Flyball, 78XD), Distance : 436 ft
|
Batting: RHB Jesús Cuevas
|
0-0: Called Strike 0-1: Ball 1-1: SINGLE (Line Drive, 6M)
|
Batting: LHB Jon Graves
|
0-0: Grounds into double play, 4-6-3 (Groundball, 34)
|
Top of the 2nd over - 3 run(s), 3 hit(s), 1 error(s), 0 left on base; Redwood City 3 - San Jose 0 |
BOTTOM OF THE 2ND |
San Jose Missions batting - Pitching for Redwood City Redwoods : RHP Jeff Davis
|
Batting: RHB Jorge Fuentes
|
0-0: Called Strike 0-1: Swinging Strike 0-2: Foul Ball, location: 2F 0-2: Strikes out swinging
|
Batting: RHB Emílio Bruno
|
0-0: Fly out, F6 (Popup, 6S)
|
Batting: RHB Armando López
|
0-0: Ball 1-0: Called Strike 1-1: Foul Ball, location: 2F 1-2: Fly out, F6 (Popup, 6)
|
Bottom of the 2nd over - 0 run(s), 0 hit(s), 0 error(s), 0 left on base; Redwood City 3 - San Jose 0 |
TOP OF THE 3RD |
Redwood City Redwoods batting - Pitching for San Jose Missions : RHP José Reyes
|
Batting: RHB Carlos Gonzáles
|
0-0: SINGLE (Groundball, 56) (infield hit)
|
Batting: LHB Nicholas Alston
|
0-0: Ball 1-0: Ball 2-0: Ball 3-0: Called Strike 3-1: Base on Balls Carlos Gonzáles to second
|
Batting: LHB Germán Charfauros
|
0-0: Foul Ball, location: 2F 0-1: Foul Ball, location: 2F 0-2: Strikes out looking
|
Batting: LHB Patrick Bright
|
0-0: Foul Ball, location: 2F 0-1: Ball 1-1: Foul Ball, location: 2F 1-2: Ball 2-2: Foul Ball, location: 2F 2-2: Strikes out swinging
|
Batting: RHB Richie Miller
|
0-0: Called Strike 0-1: Ball 1-1: Ball 2-1: Ground out 1-3 (Groundball, P)
|
Top of the 3rd over - 0 run(s), 1 hit(s), 0 error(s), 2 left on base; Redwood City 3 - San Jose 0 |
BOTTOM OF THE 3RD |
San Jose Missions batting - Pitching for Redwood City Redwoods : RHP Jeff Davis
|
Batting: RHB Culley Douglas
|
0-0: Called Strike 0-1: Ball 1-1: Swinging Strike 1-2: Fly out, F4 (Line Drive, 4)
|
Batting: RHB David Crespo
|
0-0: Ball 1-0: Called Strike 1-1: Called Strike 1-2: Ground out 4-3 (Groundball, 4)
|
Batting: RHB Scott Merritt
|
0-0: Ball 1-0: Called Strike 1-1: Ball 2-1: Foul Ball, location: 2F 2-2: Ball 3-2: Fly out, F7 (Flyball, 7S)
|
Bottom of the 3rd over - 0 run(s), 0 hit(s), 0 error(s), 0 left on base; Redwood City 3 - San Jose 0 |
TOP OF THE 4TH |
Redwood City Redwoods batting - Pitching for San Jose Missions : RHP José Reyes
|
Batting: LHB Ryan Hensley
|
0-0: Ball 1-0: Ground out 5-3 (Groundball, 56)
|
Batting: RHB Fu Tse
|
0-0: Called Strike 0-1: Swinging Strike 0-2: Strikes out looking
|
Batting: RHB Jesús Cuevas
|
0-0: Ball 1-0: DOUBLE (Groundball, 5L)
|
Batting: LHB Jon Graves
|
0-0: Foul Ball, location: 2F 0-1: Ball 1-1: Ball 2-1: Swinging Strike 2-2: Strikes out looking
|
Top of the 4th over - 0 run(s), 1 hit(s), 0 error(s), 1 left on base; Redwood City 3 - San Jose 0 |
BOTTOM OF THE 4TH |
San Jose Missions batting - Pitching for Redwood City Redwoods : RHP Jeff Davis
|
Batting: RHB Ed Starr
|
0-0: Ball 1-0: Ball 2-0: Ball 3-0: Base on Balls
|
Batting: RHB Bob Orr
|
0-0: Foul Ball, location: 2F 0-1: Fly out, F7 (Flyball, 78S)
|
Batting: RHB Andrew Benson
|
0-0: Ball Ed Starr steals 2nd base 1-0: Ball 2-0: Called Strike 2-1: Ground out 6-3 (Groundball, 6M) Ed Starr to third
|
Batting: RHB Jorge Fuentes
|
0-0: Foul Ball, location: 2F 0-1: Foul Ball, location: 2F 0-2: Ground out 6-3 (Groundball, 6)
|
Bottom of the 4th over - 0 run(s), 0 hit(s), 0 error(s), 1 left on base; Redwood City 3 - San Jose 0 |
TOP OF THE 5TH |
Redwood City Redwoods batting - Pitching for San Jose Missions : RHP José Reyes
|
Batting: RHB Carlos Gonzáles
|
0-0: Called Strike 0-1: SINGLE (Line Drive, 8LS)
|
Batting: LHB Nicholas Alston
|
0-0: SINGLE (Groundball, 6MD) Carlos Gonzáles to second Runner from 2nd tries for 3rd, OUT! Nicholas Alston to second
|
Batting: LHB Germán Charfauros
|
0-0: Ball 1-0: Ball 2-0: SINGLE (Line Drive, 9S) Nicholas Alston to third
|
Batting: LHB Patrick Bright
|
0-0: Ball 1-0: Called Strike 1-1: Ball 2-1: SINGLE (Line Drive, 6D) Nicholas Alston scores Germán Charfauros to second
|
Batting: RHB Richie Miller
|
0-0: Ball 1-0: Called Strike 1-1: Foul Ball, location: 2F 1-2: Foul Ball, location: 2F 1-2: Ball 2-2: Strikes out swinging
|
Batting: LHB Ryan Hensley
|
0-0: Fly out, F7 (Flyball, 7LM)
|
Top of the 5th over - 1 run(s), 4 hit(s), 0 error(s), 2 left on base; Redwood City 4 - San Jose 0 |
BOTTOM OF THE 5TH |
San Jose Missions batting - Pitching for Redwood City Redwoods : RHP Jeff Davis
|
Batting: RHB Emílio Bruno
|
0-0: Ball 1-0: Ball 2-0: Called Strike 2-1: Swinging Strike 2-2: SINGLE (Line Drive, 89S)
|
Batting: RHB Armando López
|
0-0: Foul Ball, location: 2F 0-1: Ball 1-1: Ball 2-1: Ball 3-1: Called Strike 3-2: Base on Balls Emílio Bruno to second
|
Batting: RHB Culley Douglas
|
0-0: Called Strike Emílio Bruno steals 3rd base Armando López to second 0-1: Ground out 6-3 (Groundball, 6) Emílio Bruno scores
|
Batting: RHB David Crespo
|
0-0: Swinging Strike 0-1: Foul Ball, location: 2F 0-2: Foul Ball, location: 2F 0-2: Ball 1-2: SINGLE (Groundball, 56D) Armando López to third Runner from 3rd tries for Home, SAFE, throw made home
|
Batting: RHB Scott Merritt
|
0-0: Ball 1-0: Called Strike 1-1: SINGLE (Flyball, 9LS) David Crespo to second Runner from 2nd tries for 3rd, SAFE, throw made to third
|
Batting: RHB Ed Starr
|
0-0: Ball 1-0: Ball 2-0: Called Strike 2-1: Ball 3-1: Foul Ball, location: 2F 3-2: Foul Ball, location: 2F 3-2: DOUBLE (Line Drive, 78D) David Crespo scores Scott Merritt to third Runner from 3rd tries for Home, SAFE, throw made at trailing runner, SAFE at third!
|
Batting: RHB Bob Orr
|
0-0: Ball 1-0: Foul Ball, location: 2F 1-1: Foul Ball, location: 2F 1-2: Reached on error, E5 (Groundball, 56) Ed Starr scores
|
Batting: RHB Andrew Benson
|
0-0: Foul Ball, location: 2F 0-1: Foul Ball, location: 2F 0-2: Ball 1-2: Fly out, F8 (Flyball, 8RD)
|
Batting: RHB Jorge Fuentes
|
0-0: Ball 1-0: Ball 2-0: Ball 3-0: Base on Balls
|
Batting: RHB Emílio Bruno
|
0-0: Called Strike 0-1: Swinging Strike 0-2: Ball 1-2: Foul Ball, location: 2F 1-2: Ball 2-2: Fielders Choice at 2nd, 4-6 (Groundball, 34)
|
Bottom of the 5th over - 5 run(s), 4 hit(s), 1 error(s), 1 left on base; Redwood City 4 - San Jose 5 |
TOP OF THE 6TH |
Redwood City Redwoods batting - Pitching for San Jose Missions : RHP José Reyes
|
Batting: RHB Fu Tse
|
0-0: Foul Ball, location: 2F 0-1: Ground out 1-3 (Groundball, 13)
|
Batting: RHB Jesús Cuevas
|
0-0: Called Strike 0-1: Ball 1-1: Ball 2-1: Foul Ball, location: 2F 2-2: DOUBLE (Flyball, 78D)
|
Batting: LHB Jon Graves
|
0-0: Ball 1-0: Swinging Strike 1-1: Called Strike 1-2: Ball 2-2: Strikes out swinging
|
Batting: RHB Carlos Gonzáles
|
0-0: Called Strike 0-1: Foul Ball, location: 2F 0-2: Ball 1-2: Ball 2-2: SINGLE (Line Drive, 6MD) Jesús Cuevas to third Runner from 3rd tries for Home, SAFE, no throw
|
Batting: LHB Nicholas Alston
|
0-0: Ball 1-0: SINGLE (Groundball, 25) (infield hit) Carlos Gonzáles to second
|
Batting: LHB Germán Charfauros
|
0-0: Swinging Strike 0-1: Foul Ball, location: 2F 0-2: Ball 1-2: Ball 2-2: Fly out, F7 (Flyball, 7LM)
|
Top of the 6th over - 1 run(s), 3 hit(s), 0 error(s), 2 left on base; Redwood City 5 - San Jose 5 |
BOTTOM OF THE 6TH |
San Jose Missions batting - Pitching for Redwood City Redwoods : RHP Jeff Davis
|
Pitching: RHP António García
|
|
Batting: RHB Armando López
|
0-0: Ball 1-0: Fly out, F9 (Flyball, 89D)
|
Batting: RHB Culley Douglas
|
0-0: Foul Ball, location: 2F 0-1: Foul Ball, location: 2F 0-2: Ball 1-2: Ball 2-2: Strikes out swinging
|
Batting: RHB David Crespo
|
0-0: Swinging Strike 0-1: Swinging Strike 0-2: Ball 1-2: Foul Ball, location: 2F 1-2: Foul Ball, location: 2F 1-2: SINGLE (Groundball, 56D)
|
Batting: RHB Scott Merritt
|
0-0: Ball 1-0: Foul Ball, location: 2F 1-1: 2-RUN HOME RUN (Flyball, 89XD), Distance : 420 ft
|
Batting: RHB Ed Starr
|
0-0: Called Strike 0-1: Foul Ball, location: 2F 0-2: Foul Ball, location: 2F 0-2: Ball 1-2: Foul Ball, location: 2F 1-2: Strikes out swinging
|
Bottom of the 6th over - 2 run(s), 2 hit(s), 0 error(s), 0 left on base; Redwood City 5 - San Jose 7 |
TOP OF THE 7TH |
Redwood City Redwoods batting - Pitching for San Jose Missions : RHP José Reyes
|
Batting: LHB Patrick Bright
|
0-0: Ball 1-0: Ground out 4-3 (Groundball, 4)
|
Batting: RHB Richie Miller
|
0-0: Ball 1-0: Ball 2-0: Foul Ball, location: 2F 2-1: Ball 3-1: Called Strike 3-2: SINGLE (Line Drive, 4D)
|
Pitching: RHP Miguel García
|
|
Batting: LHB Ryan Hensley
|
0-0: Ball 1-0: Ball 2-0: Ball 3-0: Foul Ball, location: 2F 3-1: Base on Balls Richie Miller to second
|
Pinch Hitting: RHB Jesús Maestas
|
0-0: Called Strike 0-1: Called Strike 0-2: Ball 1-2: SINGLE (Flyball, 78S) Richie Miller to third Ryan Hensley to second Runner from 3rd tries for Home, SAFE, throw made at trailing runner, SAFE at third!
|
Pinch Hitting: LHB Arthur Hall
|
0-0: SINGLE (Line Drive, 6M) Ryan Hensley scores Jesús Maestas to second
|
Pinch Hitting: LHB Jeff Tucker
|
0-0: Swinging Strike 0-1: Swinging Strike 0-2: Ball 1-2: Strikes out swinging
|
Pinch Hitting: RHB Steve Sampson
|
0-0: Called Strike 0-1: Ball 1-1: Called Strike 1-2: Foul Ball, location: 2F 1-2: Fly out, F9 (Flyball, 89S)
|
Top of the 7th over - 2 run(s), 3 hit(s), 0 error(s), 2 left on base; Redwood City 7 - San Jose 7 |
BOTTOM OF THE 7TH |
San Jose Missions batting - Pitching for Redwood City Redwoods : RHP António García
|
Now at 2B: Philip Burke
|
|
Now at 3B: Yataro Abe
|
|
Now at SS: Jesús Maestas
|
|
Now in CF: Arthur Hall
|
|
Batting: RHB Bob Orr
|
0-0: Swinging Strike 0-1: Foul Ball, location: 2F 0-2: Ball 1-2: Foul Ball, location: 2F 1-2: Strikes out looking
|
Batting: RHB Andrew Benson
|
0-0: Fly out, F9 (Flyball, 9LSF)
|
Pinch Hitting: LHB Miguel Montés
|
0-0: Called Strike 0-1: Ball 1-1: Called Strike 1-2: SINGLE (Groundball, 6D)
|
Pitching: LHP José Acosta
|
|
Pinch Hitting: RHB Dale Taylor
|
0-0: Fly out, F8 (Flyball, 78D)
|
Bottom of the 7th over - 0 run(s), 1 hit(s), 0 error(s), 1 left on base; Redwood City 7 - San Jose 7 |
TOP OF THE 8TH |
Redwood City Redwoods batting - Pitching for San Jose Missions : RHP Miguel García
|
Now at 1B: Jim Brown
|
|
Now in RF: Miguel Montés
|
|
Batting: LHB Nicholas Alston
|
0-0: Ball 1-0: Ball 2-0: Foul Ball, location: 2F 2-1: Ball 3-1: Fly out, F9 (Flyball, 9)
|
Batting: LHB Germán Charfauros
|
0-0: Called Strike 0-1: Foul Ball, location: 2F 0-2: Strikes out swinging
|
Batting: LHB Patrick Bright
|
0-0: Called Strike 0-1: Swinging Strike 0-2: Ground out 4-3 (Groundball, 4)
|
Top of the 8th over - 0 run(s), 0 hit(s), 0 error(s), 0 left on base; Redwood City 7 - San Jose 7 |
BOTTOM OF THE 8TH |
San Jose Missions batting - Pitching for Redwood City Redwoods : LHP José Acosta
|
Batting: RHB Armando López
|
0-0: Ball 1-0: Foul Ball, location: 2F 1-1: Foul Ball, location: 2F 1-2: Ball 2-2: Ball 3-2: Base on Balls
|
Batting: RHB Culley Douglas
|
0-0: Sac Bunt - play at second, runner OUT -> throw to first, DP!
|
Batting: RHB David Crespo
|
0-0: Ball 1-0: Ball 2-0: Called Strike 2-1: Ball 3-1: Base on Balls
|
Batting: RHB Scott Merritt
|
0-0: Foul Ball, location: 2F 0-1: Ball 1-1: Ball 2-1: Foul Ball, location: 2F 2-2: Strikes out swinging
|
Bottom of the 8th over - 0 run(s), 0 hit(s), 0 error(s), 1 left on base; Redwood City 7 - San Jose 7 |
TOP OF THE 9TH |
Redwood City Redwoods batting - Pitching for San Jose Missions : RHP Miguel García
|
Pitching: RHP Paul Lewis
|
|
Batting: RHB Richie Miller
|
0-0: Ball 1-0: Called Strike 1-1: Swinging Strike 1-2: Ball 2-2: Ball 3-2: Fly out, F8 (Flyball, 8RS)
|
Pinch Hitting: LHB Glen Martin
|
0-0: Called Strike 0-1: SINGLE (Groundball, 34D)
|
Batting: RHB Jesús Maestas
|
0-0: Fly out, F7 (Flyball, 7S)
|
Batting: LHB Arthur Hall
|
0-0: Called Strike 0-1: Ball 1-1: Ball 2-1: Ground out 3-1 (Groundball, 34S)
|
Top of the 9th over - 0 run(s), 1 hit(s), 0 error(s), 1 left on base; Redwood City 7 - San Jose 7 |
BOTTOM OF THE 9TH |
San Jose Missions batting - Pitching for Redwood City Redwoods : LHP José Acosta
|
Now at 1B: Paul Alexander
|
|
Batting: RHB Ed Starr
|
0-0: Ball 1-0: SOLO HOME RUN (Flyball, 8LXD), Distance : 436 ft
|
Thursday, March 30th, 2017 - OOTP Baseball 17.12 Build 75
|
|